 Dungeon Crawl Stone Soup version 0.32-a0-994-gabb26cbae4 (webtiles) character file.

Game seed: 16508678783329847802

2 Revguard the Shield-Bearer (level 1, -1/18 HPs)
             Began as a Formicid Fighter on Apr 22, 2024.
             Frozen to death by an endoplasm (4 damage)
             ... on level 1 of the Dungeon.
             The game lasted 00:00:56 (134 turns).

Revguard the Shield-Bearer (Formicid Fighter)        Turns: 134, Time: 00:00:59

Health: -1/18      AC:  6    Str: 20    XL:     1   Next: 44%
Magic:  1/1        EV:  8    Int:  7    God:
Gold:   5          SH:  4    Dex: 13    Spells: 0/0 levels left

rFire   . . .        a - +0 war axe
rCold   . . .        c - +0 buckler
rNeg    . . .        b - +0 scale mail
rPois   .            (helmet unavailable)
rElec   .            (no cloak)
rCorr   .            (no gloves)
SInv    +            (no boots)
Will    .....        (no amulet) Stlth
                     (no ring)
HPRegen 0.23/turn    (no ring)
MPRegen 0.07/turn

%: no passive effects
@: no status effects
A: permanent stasis, dig shafts and tunnels, antennae 3, four strong arms
a: Dig, Shaft Self


You were on level 1 of the Dungeon.
You visited 1 branch of the dungeon, and saw 1 of its levels.

You collected 5 gold pieces.

Inventory:

Hand Weapons
 a - a +0 war axe (weapon)
Armour
 b - a +0 scale mail (worn)
 c - a +0 buckler (worn)
Scrolls
 e - a scroll of fear {unknown}
 f - a scroll of enchant weapon {unknown}
Potions
 d - a potion of might


   Skills:
 + Level 3.3 Fighting
 * Level 2.1 Axes
 + Level 3.3 Armour
 + Level 0.1 Dodging
 + Level 4.0 Shields
 + Level 0.1 Invocations
 + Level 0.0 Evocations


You couldn't memorise any spells.
You didn't know any spells.
Your spell library was empty.

Dungeon Overview and Level Annotations

Branches:
Dungeon (1/15)

Altars:


Innate Abilities, Weirdness & Mutations

You cannot be hasted, slowed, berserked, paralysed or teleported.
You can dig through walls and to a lower floor.
You have a pair of large antennae on your head. (SInv)
Your four strong arms can wield two-handed weapons with a shield.


Message History

The hobgoblin hits you but does no damage.
You slash the hobgoblin!
You kill the hobgoblin!
You hit the goblin. The goblin barely misses you. The goblin barely misses you.
You see here a hobgoblin corpse.
An endoplasm comes into view.
The endoplasm quivers.
The goblin barely misses you. You block the goblin's attack.
You hit the goblin.
You kill the goblin!
You hit the goblin. The goblin closely misses you.
The goblin hits you with a +0 club.
The endoplasm hits you but does no damage.
You see here a +0 club.
The endoplasm freezes you.
You are frozen.
The goblin attacks as it pursues you! The goblin barely misses you.
You hit the endoplasm.
The endoplasm is lightly wounded.
You closely miss the goblin. The goblin hits you with a +0 club.
The endoplasm freezes you.
You are frozen.
* * * LOW HITPOINT WARNING * * *
You hit the endoplasm.
The endoplasm is moderately wounded.
You barely miss the goblin. The goblin hits you with a +0 club.
* * * LOW HITPOINT WARNING * * *
The endoplasm barely misses you. You block the goblin's attack.
You hit the endoplasm.
The endoplasm is heavily wounded.
You closely miss the goblin. The endoplasm closely misses you.
You block the goblin's attack. The endoplasm closely misses you.
You completely miss the endoplasm.
The endoplasm is heavily wounded.
You hit the goblin.
You kill the goblin!
The endoplasm freezes you.
You are frozen.
You die...

#.†.....#..
#..##...#.#
##..#....#.#
...........#
##.........#
#.........#
..#......#.# #
#.####...#.#######.#
#. ##.##..†.)J@..#
#. ###.###....).###
#.....###.......#
#.....# #.##.##.#
#.....# #.##.# #
#.....# #....#
#.....# #.####
####### #.. {


You could see an endoplasm.

Vanquished Creatures
  A hobgoblin (D:1)
  A bat (D:1)
  2 goblins (D:1)
4 creatures vanquished.

Notes
Turn   | Place    | Note
-------+----------+-------------------------------------------
     0 | D:1      | Revguard the Formicid Fighter began the quest for the Orb.
     0 | D:1      | Reached XP level 1. HP: 18/18 MP: 1/1
   134 | D:1      | Frozen to death by an endoplasm

Illustrated notes

Levels and vault maps discovered:
D:1:      grunt_arrival_crossed_arrows, layout_loops_cross,
          dilly_ecumenical_altar_fadedgnrine

Action                     || total
---------------------------++-------
  Melee: War axe           ||    16
 Armour: Scale mail        ||    23
  Dodge: Dodged            ||    13
  Block: Buckler           ||     5

Table legend: (Time is in decaauts)
 A = Elapsed time spent in this place.
 B = Non-inter-level travel time spent in this place.
 C = Inter-level travel time spent in this place.
 D = Time resting spent in this place.
 E = Time spent auto-exploring this place.
 F = Levels seen in this place.
 G = Mean time per level.
                   A        B        C        D        E       F      G
               +--------+--------+--------+--------+--------+-----+--------+
         Total |    140 |    140 |      0 |      0 |     97 |   1 |  140.0 |
       Dungeon |    140 |    140 |      0 |      0 |     97 |   1 |  140.0 |
               +--------+--------+--------+--------+--------+-----+--------+

Top non-repeatable levels by time:
     D:1: 140 daAuts
